[Event "Titled Tuesday Blitz April 4 Early 2023"]
[White "Rosenberg, Evan S"]
[Black "Manukyan, Artyom"]
[WhiteFideId "2019299"]
[BlackFideId "13305786"]
[WhiteElo "2186"]
[BlackElo "2078"]
[Result "1/2-1/2"]
[Round "02"]
[TimeControl "180+2"]
[Date "2023.04.04"]
[WhiteClock "0:00:19"]
[BlackClock "0:00:56"]

1. d4 e6 2. Nf3 f5 3. g3 Nf6 4. Bg2 d5 5. c4 c6 6. Nc3 Bd6 7. Bf4 O-O 8. Bxd6 Qxd6 9. Qc2 Bd7 10. O-O Be8 11. b3 Bh5 12. e3 Nbd7 13. cxd5 exd5 14. Rac1 Ne4 15. Nd2 Rae8 16. Rfe1 Ndf6 17. f3 Nxc3 18. Qxc3 Re7 19. Qc5 Qd7 20. Qxa7 Rfe8 21. Kf2 g5 22. b4 Qd6 23. Qc5 Qb8 24. b5 g4 25. f4 Re6 26. a4 Bf7 27. a5 h5 28. a6 cxb5 29. a7 Qa8 30. Ra1 Ra6 31. Rxa6 bxa6 32. Qb6 Re6 33. Qb8+ Re8 34. Qb6 Re6 35. Qb8+ Re8 36. Qb6 1/2-1/2


[Site "https://www.chess.com"]

[Event "Titled Tuesday Blitz April 4 Early 2023"]
[White "Arcos Facio, Mateo"]
[Black "Petrova, Irina"]
[WhiteFideId "3001199"]
[BlackFideId "14124122"]
[WhiteElo "2156"]
[BlackElo "2084"]
[Result "0-1"]
[Round "02"]
[TimeControl "180+2"]
[Date "2023.04.04"]
[WhiteClock "0:00:01"]
[BlackClock "0:00:59"]

1. e4 d6 2. d4 Nf6 3. Nc3 e5 4. Nf3 Nbd7 5. g4 d5 6. dxe5 Nxe4 7. Nxd5 Nb6 8. Nxb6 Qxd1+ 9. Kxd1 axb6 10. Be3 Bxg4 11. Be2 O-O-O+ 12. Kc1 Bc5 13. Rg1 Bxe3+ 14. fxe3 h5 15. c3 g6 16. Kc2 Nd2 17. Rxg4 Nxf3 18. Ra4 Nxe5 19. Rf1 Rhe8 20. Rf6 Rd6 21. Bb5 Nc6 22. Rxf7 Kb8 23. e4 Red8 24. e5 Rd2+ 25. Kb3 Nxe5 0-1


[Site "https://www.chess.com"]

[Event "Titled Tuesday Blitz April 4 Early 2023"]
[White "Namitbir Singh Walia"]
[Black "Larina, Maria"]
[WhiteFideId "35071068"]
[BlackFideId "24113182"]
[WhiteElo "2239"]
[BlackElo "1848"]
[Result "1-0"]
[Round "02"]
[TimeControl "180+2"]
[Date "2023.04.04"]
[WhiteClock "0:01:02"]
[BlackClock "0:00:04"]

1. e4 c6 2. d4 d5 3. exd5 cxd5 4. c3 Nc6 5. Bd3 e5 6. dxe5 Nxe5 7. Bc2 Nf6 8. Bf4 Bd6 9. Nf3 Nd3+ 10. Qxd3 Bxf4 11. O-O O-O 12. Nbd2 Bg4 13. Rfe1 Bh5 14. Qd4 Qd6 15. Ne5 Bh6 16. Ndf3 Rfe8 17. g4 Bg6 18. Bxg6 hxg6 19. g5 Nd7 20. gxh6 gxh6 21. Qf4 Nxe5 22. Rxe5 Kg7 23. Qd4 Kh7 24. Rae1 Rxe5 25. Qxe5 Qd7 26. Qf4 Rd8 27. Ne5 Qe6 28. Qxf7+ Qxf7 29. Nxf7 Rd7 30. Ne5 Re7 31. Nd3 Rd7 32. Re6 d4 33. c4 b6 34. b3 h5 35. f4 Kg7 36. Kf2 Kf7 37. Re4 Kf6 38. Kf3 Kf5 39. Re5+ Kf6 40. h4 a6 41. Rd5 Re7 42. Ne5 Re6 43. Rxd4 b5 44. Rd7 bxc4 45. Rf7# 1-0


[Site "https://www.chess.com"]

[Event "Titled Tuesday Blitz April 4 Early 2023"]
[White "Yeritsyan, Hayk"]
[Black "Samarth, J Rao"]
[WhiteFideId "13307320"]
[BlackFideId "46652370"]
[WhiteElo "2441"]
[BlackElo "1564"]
[Result "0-1"]
[Round "02"]
[TimeControl "180+2"]
[Date "2023.04.04"]
[WhiteClock "0:00:09"]
[BlackClock "0:01:06"]

1. d4 d5 2. Nf3 Nf6 3. e3 e6 4. Bd3 c5 5. c3 Bd6 6. Nbd2 b6 7. Qe2 O-O 8. e4 cxd4 9. e5 dxc3 10. bxc3 Nc6 11. exd6 Qxd6 12. O-O e5 13. Bc2 Bg4 14. Qe3 e4 15. Nd4 Ne5 16. a4 Rac8 17. Ba3 Qb8 18. Bxf8 Kxf8 19. f3 exf3 20. N2xf3 Nc4 21. Qf2 Bh5 22. Bb3 Nd6 23. Rac1 Nde4 24. Qe3 Kg8 25. c4 Re8 26. cxd5 Ng3 27. Qf2 Nge4 28. Qc2 Qf4 29. Nc6 Ng4 30. h3 Qe3+ 31. Rf2 Ngxf2 32. Re1 Nxh3+ 33. Kh2 Qf4+ 34. Kh1 Nef2+ 35. Qxf2 Nxf2+ 36. Kg1 Rxe1+ 37. Nxe1 Ne4 38. Nd3 Qd2 0-1


[Site "https://www.chess.com"]

[Event "Titled Tuesday Blitz April 4 Early 2023"]
[White "Aponte Ramos, Argimiro"]
[Black "Becerra, Juan David"]
[WhiteFideId "3900568"]
[BlackFideId "4404998"]
[WhiteElo "2216"]
[BlackElo "2276"]
[Result "0-1"]
[Round "02"]
[TimeControl "180+2"]
[Date "2023.04.04"]
[WhiteClock "0:01:01"]
[BlackClock "0:02:01"]

1. d4 d5 2. Nf3 Nf6 3. c4 c6 4. Nc3 e6 5. cxd5 exd5 6. Bg5 Be7 7. Qc2 O-O 8. e3 a5 9. Bd3 h6 10. Bf4 Na6 11. a3 Be6 12. O-O Nc7 13. h3 Nce8 14. Ne5 Nd6 15. Bh2 Re8 16. f4 Rc8 17. g4 c5 18. Rf2 cxd4 19. exd4 Nfe4 20. Rf3 Qb6 21. f5 Qxd4+ 22. Kg2 Nxc3 23. fxe6 Nce4 24. exf7+ Nxf7 25. Qxc8 Rxc8 26. Rxf7 Qxb2+ 0-1


[Site "https://www.chess.com"]

[Event "Titled Tuesday Blitz April 4 Early 2023"]
[White "Sargissyan, Sargis"]
[Black "Tuleyeva-Aketayeva, Dana"]
[WhiteFideId "13303210"]
[BlackFideId "13701932"]
[WhiteElo "2109"]
[BlackElo "2030"]
[Result "1-0"]
[Round "02"]
[TimeControl "180+2"]
[Date "2023.04.04"]
[WhiteClock "0:00:58"]
[BlackClock "0:00:09"]

1. c4 c5 2. Nc3 Nc6 3. g3 Nf6 4. Bg2 g6 5. e4 Bg7 6. Nge2 O-O 7. O-O d6 8. f4 Bg4 9. h3 Bxe2 10. Nxe2 Nd7 11. d3 Nd4 12. Be3 Rb8 13. a4 Qb6 14. Bxd4 cxd4 15. Qd2 Nc5 16. a5 Qc7 17. Qc2 b5 18. b4 Na6 19. Rfc1 bxc4 20. Qxc4 Qxc4 21. Rxc4 Nxb4 22. Rd1 Rfc8 23. Nxd4 Bxd4+ 24. Rxd4 Nc6 25. Rc4 Nxa5 26. Rxc8+ Rxc8 27. Ra1 Rc5 28. d4 Nb3 29. dxc5 Nxa1 30. c6 Nb3 31. c7 1-0


[Site "https://www.chess.com"]

[Event "Titled Tuesday Blitz April 4 Early 2023"]
[White "Ronka, Erik"]
[Black "dDobravcan"]
[WhiteFideId "505080"]
[WhiteElo "2264"]
[BlackElo "2149"]
[Result "1-0"]
[Round "02"]
[TimeControl "180+2"]
[Date "2023.04.04"]
[WhiteClock "0:01:29"]
[BlackClock "0:00:33"]

1. e4 d6 2. d4 Nf6 3. Nc3 c6 4. f4 Qa5 5. Bd3 e5 6. Nf3 Nbd7 7. O-O exd4 8. Nxd4 Qb6 9. Be3 Qxb2 10. Qd2 Qa3 11. Ncb5 cxb5 12. Nxb5 Qa4 13. Nc7+ Kd8 14. Nxa8 b6 15. e5 dxe5 16. fxe5 Nd5 17. Bg5+ f6 18. exf6 gxf6 19. Bf5 Bc5+ 20. Kh1 Qd4 21. Qxd4 Bxd4 22. Rad1 Ne3 23. Rxd4 Nxf1 24. Bxf6+ Ke8 25. Bxh8 Nc5 26. Bxc8 1-0


[Site "https://www.chess.com"]

[Event "Titled Tuesday Blitz April 4 Early 2023"]
[White "M_Bozorov"]
[Black "Baruch, Liam"]
[BlackFideId "14322064"]
[WhiteElo "2431"]
[BlackElo "2144"]
[Result "1-0"]
[Round "02"]
[TimeControl "180+2"]
[Date "2023.04.04"]
[WhiteClock "0:00:46"]
[BlackClock "0:00:05"]

1. e4 e5 2. Nf3 Nc6 3. Nc3 Nf6 4. d4 exd4 5. Nxd4 Bb4 6. Nxc6 bxc6 7. Bd3 d5 8. exd5 cxd5 9. O-O O-O 10. h3 h6 11. Qf3 Bd6 12. Bf4 c6 13. Rfe1 Rb8 14. b3 Rb4 15. Bxd6 Qxd6 16. Na4 Bd7 17. Qe3 d4 18. Qe7 Qd5 19. Qxb4 c5 20. Qxc5 Qa8 21. Qxd4 Bc6 22. f3 Rd8 23. Qf2 Nh5 24. Be4 Nf4 25. Nc3 f5 26. Bxf5 Rf8 27. Be4 Bxe4 28. Rxe4 Qc6 29. Rc4 Qg6 30. Kh2 Qd6 31. Qg3 h5 32. Rd1 Qe5 33. Re4 Qc7 34. Rxf4 Rxf4 35. Nd5 Qxc2 36. Qxf4 Qxd1 37. Ne7+ Kh8 38. Qf8+ Kh7 39. Qf5+ Kh8 40. Qxh5# 1-0


[Site "https://www.chess.com"]

[Event "Titled Tuesday Blitz April 4 Early 2023"]
[White "Yonal, Timur"]
[Black "Maxfan2008"]
[WhiteFideId "44115725"]
[WhiteElo "1966"]
[BlackElo "2431"]
[Result "0-1"]
[Round "02"]
[TimeControl "180+2"]
[Date "2023.04.04"]
[WhiteClock "0:00:05"]
[BlackClock "0:01:16"]

1. e4 c5 2. Nf3 d6 3. d4 cxd4 4. Nxd4 Nf6 5. Nc3 a6 6. Bg5 e6 7. f4 Qb6 8. Qf3 Nbd7 9. O-O-O Be7 10. g4 h6 11. Bxf6 Bxf6 12. Nb3 Qc7 13. e5 dxe5 14. Ne4 Be7 15. f5 Nf6 16. Bg2 O-O 17. Kb1 Nxg4 18. f6 Nxf6 19. Nxf6+ Bxf6 20. Rhg1 Kh8 21. Bf1 Bd7 22. Rd2 Bc6 23. Qh3 Rad8 24. Bd3 e4 25. Rf2 exd3 26. Rxf6 dxc2+ 27. Kc1 Rd1+ 28. Rxd1 cxd1=Q+ 29. Kxd1 Qd8+ 30. Kc2 Qxf6 0-1


[Site "https://www.chess.com"]

[Event "Titled Tuesday Blitz April 4 Early 2023"]
[White "Kashtanov, Ruslan"]
[Black "Kornyukov, Alexey"]
[WhiteFideId "4124871"]
[BlackFideId "4150457"]
[WhiteElo "2276"]
[BlackElo "2352"]
[Result "1-0"]
[Round "02"]
[TimeControl "180+2"]
[Date "2023.04.04"]
[WhiteClock "0:01:03"]
[BlackClock "0:00:58"]

1. d4 d5 2. c4 e6 3. Nf3 Nf6 4. g3 Be7 5. Bg2 O-O 6. Qc2 c5 7. dxc5 Bxc5 8. O-O Nc6 9. a3 Bb6 10. Rd1 Qe7 11. b4 dxc4 12. Nbd2 Nd5 13. Nxc4 Rd8 14. Bb2 e5 15. Nfxe5 Nxe5 16. Nxe5 Be6 17. Rac1 Rac8 18. Qe4 Nf6 19. Qxb7 Rxc1 20. Rxc1 Qxb7 21. Bxb7 Bd5 22. Bxd5 Nxd5 23. Nc6 Rc8 24. e4 1-0


[Site "https://www.chess.com"]

[Event "Titled Tuesday Blitz April 4 Early 2023"]
[White "Meduri, Aakaash"]
[Black "Vargas Rodriguez, Wilver"]
[WhiteFideId "2032252"]
[BlackFideId "3509672"]
[WhiteElo "2113"]
[BlackElo "2224"]
[Result "1-0"]
[Round "02"]
[TimeControl "180+2"]
[Date "2023.04.04"]
[WhiteClock "0:01:08"]
[BlackClock "0:00:01"]

1. e4 c5 2. Na3 Nc6 3. Bb5 Nf6 4. d3 g6 5. Nf3 Bg7 6. Bxc6 dxc6 7. O-O O-O 8. h3 Qc7 9. Be3 b6 10. Qd2 Rd8 11. Bf4 Qd7 12. Rfe1 Nh5 13. Nc4 Ba6 14. Nce5 Qe6 15. Bh2 h6 16. g4 Nf6 17. g5 Nd7 18. Nxd7 Qxd7 19. gxh6 Bxb2 20. Rab1 Bh8 21. Qf4 Qd6 22. e5 Qd5 23. Ng5 Bc8 24. e6 f6 25. h7+ Kg7 26. h4 Bxe6 27. Nxe6+ 1-0


[Site "https://www.chess.com"]

[Event "Titled Tuesday Blitz April 4 Early 2023"]
[White "Goncalves, Davi Sulzbacher"]
[Black "Atzl, Florian"]
[WhiteFideId "2154510"]
[BlackFideId "1635891"]
[WhiteElo "2182"]
[BlackElo "2023"]
[Result "1-0"]
[Round "02"]
[TimeControl "180+2"]
[Date "2023.04.04"]
[WhiteClock "0:00:20"]
[BlackClock "0:00:30"]

1. e4 c5 2. Nf3 e6 3. d4 cxd4 4. Nxd4 a6 5. Be2 Nf6 6. Nc3 d6 7. O-O b5 8. f4 Qc7 9. Bf3 Bb7 10. f5 e5 11. Nde2 Nbd7 12. g4 Nb6 13. g5 Nfd7 14. Ng3 Be7 15. Bg2 Nc4 16. Kh1 Qb6 17. Qf3 O-O-O 18. b3 Na5 19. Be3 Qc7 20. Bd2 Nc6 21. Nd5 Qb8 22. c4 bxc4 23. Rac1 Nc5 24. b4 Nd4 25. Qg4 Nd3 26. Rxc4+ Kd7 27. f6+ Ne6 28. fxe7 Rc8 29. Nb6+ Kxe7 30. Nf5+ Kd8 31. Nxc8 Bxc8 32. Qe2 Ndf4 33. Qd1 Bd7 34. Bxf4 exf4 35. Nxd6 Ke7 36. Nf5+ Kd8 37. Qd2 Qb5 38. Nd6 Qb6 39. Rd1 Ke7 40. Nf5+ Kf8 41. Qxd7 g6 42. Qe7+ Kg8 43. Rc8+ Nd8 44. Qe8# 1-0


[Site "https://www.chess.com"]

[Event "Titled Tuesday Blitz April 4 Early 2023"]
[White "Pirvulescu, Ekaterina"]
[Black "Kielinkei"]
[WhiteFideId "13506374"]
[WhiteElo "2006"]
[BlackElo "2424"]
[Result "0-1"]
[Round "02"]
[TimeControl "180+2"]
[Date "2023.04.04"]
[WhiteClock "0:00:01"]
[BlackClock "0:00:04"]

1. e4 c5 2. a3 e6 3. b4 b6 4. g3 Bb7 5. Bg2 Nf6 6. d3 cxb4 7. axb4 Bxb4+ 8. c3 Be7 9. Ne2 O-O 10. O-O d5 11. e5 Nfd7 12. d4 Nc6 13. f4 f5 14. exf6 Nxf6 15. Nd2 Rc8 16. Ba3 Bxa3 17. Rxa3 Ng4 18. Rf3 Qd6 19. Ra1 Na5 20. Nc1 Nf6 21. Ncb3 Nxb3 22. Nxb3 a5 23. Nd2 Bc6 24. Re3 a4 25. Qe1 Rfe8 26. Re5 a3 27. Nf3 Ne4 28. Ng5 Nxg5 29. fxg5 Ra8 30. g6 h6 31. Bh3 Bd7 32. Qe3 a2 33. Qe2 Qc6 34. Rxa2 Rxa2 35. Qxa2 Qxc3 36. Qf2 Rf8 37. Qe1 Qxd4+ 38. Kh1 Bb5 39. Bxe6+ Kh8 40. Bh3 Qb2 41. Bg2 Bc4 42. Re8 Qf6 43. Rxf8+ Qxf8 44. Qe5 Qd8 45. h4 b5 46. Kh2 d4 47. Be4 d3 48. Qc5 d2 0-1


[Site "https://www.chess.com"]

[Event "Titled Tuesday Blitz April 4 Early 2023"]
[White "Omariev, Maksim"]
[Black "Hartikainen, Jarmo"]
[WhiteFideId "4193423"]
[BlackFideId "503134"]
[WhiteElo "2422"]
[BlackElo "2080"]
[Result "1-0"]
[Round "02"]
[TimeControl "180+2"]
[Date "2023.04.04"]
[WhiteClock "0:00:16"]
[BlackClock "0:00:31"]

1. g4 g6 2. Bg2 Bg7 3. h4 c5 4. h5 Nc6 5. d3 d5 6. h6 Be5 7. f4 Bc7 8. g5 e5 9. e3 Nge7 10. Nc3 Be6 11. Qe2 Qd7 12. Bd2 O-O-O 13. O-O-O Nf5 14. Qf2 Kb8 15. Nb5 Bb6 16. Ne2 a6 17. Nbc3 Rhe8 18. fxe5 Nxe5 19. e4 Nd4 20. exd5 Nxe2+ 21. Nxe2 Bxd5 22. Bxd5 Qxd5 23. Nc3 Qf3 24. Qh2 Bc7 25. Rhf1 Qxf1 26. Rxf1 Nxd3+ 27. cxd3 Bxh2 28. Rxf7 Rf8 29. Rxh7 Bf4 30. Bxf4+ Rxf4 31. Ne4 Rf1+ 32. Kc2 Rg1 33. Rg7 Rg2+ 34. Kc3 Re8 35. Rxg6 Rxe4 36. dxe4 Rg3+ 37. Kc4 Rh3 38. Rg7 Kc8 39. h7 Kd8 40. g6 Ke8 41. Rg8+ Ke7 42. h8=Q Rxh8 43. Rxh8 Kf6 44. Rh7 Kxg6 45. Rxb7 Kf6 46. Rc7 Ke5 47. Rxc5+ Kxe4 48. Ra5 Ke3 49. Rxa6 Ke2 50. Ra5 Kd2 51. Rd5+ Kc2 52. b4 Kb2 53. b5 Kxa2 54. b6 Kb2 55. b7 Kc2 56. b8=Q Kc1 57. Rd3 Kc2 58. Qb3+ Kc1 59. Rd1# 1-0


[Site "https://www.chess.com"]

[Event "Titled Tuesday Blitz April 4 Early 2023"]
[White "Chandreyee, Hajra"]
[Black "Winkels, Marcel"]
[WhiteFideId "5056535"]
[BlackFideId "1003887"]
[WhiteElo "1725"]
[BlackElo "1900"]
[Result "1-0"]
[Round "02"]
[TimeControl "180+2"]
[Date "2023.04.04"]
[WhiteClock "0:00:42"]
[BlackClock "0:01:17"]

1. e4 c5 2. Nf3 d6 3. d4 cxd4 4. Nxd4 Nf6 5. Nc3 a6 6. Bg5 e6 7. f4 Be7 8. Qf3 Qc7 9. O-O-O Nbd7 10. g4 h6 11. Bxf6 Bxf6 12. h4 O-O 13. g5 Bxd4 14. Rxd4 Qc5 15. Rd2 b5 16. gxh6 g6 17. h5 Kh7 18. Rg2 Rg8 19. hxg6+ fxg6 20. e5 Rb8 21. Ne4 Bb7 22. Nxc5 Bxf3 23. Nxd7 Bxg2 24. Bxg2 d5 25. Nf6+ Kh8 26. Nxg8 Kxg8 27. Bh3 Rb6 28. h7+ Kh8 29. Bg4 a5 30. Kd2 b4 31. Ke3 a4 32. Kd4 Rc6 33. Rh2 Rc4+ 34. Ke3 Re4+ 35. Kf3 Rc4 36. Bxe6 Rc5 37. f5 gxf5 38. Bxf5 Rb5 39. Rg2 Rb8 40. e6 d4 41. Ke4 Rf8 42. e7 Re8 43. Rg8+ Rxg8 44. hxg8=Q+ Kxg8 45. e8=Q+ Kg7 46. Qe7+ Kh6 47. Qf6+ 1-0


[Site "https://www.chess.com"]

[Event "Titled Tuesday Blitz April 4 Early 2023"]
[White "Necula, Iulian"]
[Black "Leve, Nitai"]
[WhiteFideId "1232380"]
[BlackFideId "2006898"]
[WhiteElo "1790"]
[BlackElo "2144"]
[Result "1-0"]
[Round "02"]
[TimeControl "180+2"]
[Date "2023.04.04"]
[WhiteClock "0:00:37"]
[BlackClock "0:00:02"]

1. d4 Nf6 2. Nc3 d5 3. Bf4 a6 4. e3 Bf5 5. f3 e6 6. g4 Bg6 7. h4 h5 8. g5 Nfd7 9. Bd3 Bxd3 10. cxd3 c5 11. dxc5 Bxc5 12. d4 Bb6 13. Nge2 Nc6 14. a3 Qe7 15. Ng3 Rc8 16. Qd3 Ba5 17. Kf2 Bxc3 18. bxc3 Na5 19. Rhb1 Nf8 20. Be5 f6 21. Bf4 Kf7 22. e4 Ng6 23. Be3 Rc4 24. gxf6 gxf6 25. exd5 exd5 26. Re1 Qc7 27. Qf5 Rxc3 28. Qxd5+ Kg7 29. Bd2 Rc2 30. Re2 Nc4 31. Nf5+ Kh7 32. Rd1 Rd8 33. Qe4 Qh2+ 34. Kf1 Qh1+ 35. Kf2 Qxd1 36. Qxb7+ Kh8 37. Qg7# 1-0


[Site "https://www.chess.com"]

[Event "Titled Tuesday Blitz April 4 Early 2023"]
[White "Devaev, Alexander"]
[Black "Latreche, Khadidja"]
[WhiteFideId "4169395"]
[BlackFideId "7901780"]
[WhiteElo "2204"]
[BlackElo "1869"]
[Result "1-0"]
[Round "02"]
[TimeControl "180+2"]
[Date "2023.04.04"]
[WhiteClock "0:01:28"]
[BlackClock "0:00:14"]

1. d4 d5 2. c4 e6 3. Nc3 Bb4 4. Nf3 Nf6 5. Qb3 Nc6 6. a3 Bxc3+ 7. Qxc3 Ne4 8. Qc2 O-O 9. g3 f5 10. Bg2 Qf6 11. e3 Bd7 12. b3 g5 13. Bb2 g4 14. Ne5 Rad8 15. O-O-O Nxe5 16. dxe5 Qe7 17. cxd5 exd5 18. Rxd5 Bc6 19. Rxd8 Rxd8 20. Rd1 Rxd1+ 21. Kxd1 Nc3+ 22. Qxc3 Bxg2 23. e6 Bf3+ 24. Kc1 c6 25. Qh8# 1-0


[Site "https://www.chess.com"]

[Event "Titled Tuesday Blitz April 4 Early 2023"]
[White "Mayaud, Raphael"]
[Black "Sanchez, Robert"]
[WhiteFideId "627151"]
[BlackFideId "2034360"]
[WhiteElo "2191"]
[BlackElo "2046"]
[Result "1-0"]
[Round "02"]
[TimeControl "180+2"]
[Date "2023.04.04"]
[WhiteClock "0:00:28"]
[BlackClock "0:01:02"]

1. d4 d5 2. Nf3 c6 3. e3 Bf5 4. c4 e6 5. Qb3 Qb6 6. c5 Qc7 7. Nc3 Nf6 8. Be2 Be7 9. O-O Nbd7 10. Qd1 h6 11. b4 e5 12. a4 e4 13. Nd2 h5 14. b5 Ng4 15. g3 Ndf6 16. bxc6 bxc6 17. Nb5 cxb5 18. axb5 h4 19. b6 Qb8 20. Qa4+ Kf8 21. bxa7 Qc7 22. Qa5 Qc8 23. Qa6 g5 24. Qxc8+ Bxc8 25. Bb5 Bd7 26. c6 Bc8 27. Nb3 Ne8 28. Nc5 Nc7 29. Be2 Bxc5 30. dxc5 Ne5 31. Bb2 f6 32. Rfb1 hxg3 33. hxg3 Kf7 34. Bd4 Nf3+ 35. Bxf3 exf3 36. Rb7 Bh3 37. Rxc7+ Ke6 38. Rb7 Bg2 1-0


[Site "https://www.chess.com"]

[Event "Titled Tuesday Blitz April 4 Early 2023"]
[White "hsd2016"]
[Black "Liu, Casper"]
[BlackFideId "1454153"]
[WhiteElo "2029"]
[BlackElo "2221"]
[Result "0-1"]
[Round "02"]
[TimeControl "180+2"]
[Date "2023.04.04"]
[WhiteClock "0:00:48"]
[BlackClock "0:02:11"]

1. e4 e5 2. Nf3 Nc6 3. Bb5 a6 4. Bxc6 dxc6 5. O-O f6 6. d4 exd4 7. Nxd4 c5 8. Ne2 Qxd1 9. Rxd1 Be6 10. f3 Rc8 11. Nbc3 Ne7 12. Nf4 Bf7 13. Be3 Nc6 14. Nd3 b6 15. a4 a5 16. Rd2 Be7 17. Rad1 O-O 18. Nf4 Rfd8 19. Nfd5 Bd6 20. Bf4 Ne5 21. b3 Kf8 22. Bg3 Rb8 23. f4 Nc6 24. Nb5 Nd4 25. Nxd4 cxd4 26. Kh1 c5 27. c4 dxc3 28. Nxc3 Bxb3 29. Rxd6 Bxd1 30. Rxd1 Rxd1+ 31. Nxd1 Rd8 32. Ne3 Rd3 33. Bf2 Ra3 34. g3 Rxa4 35. Nd5 Rxe4 36. Nxb6 a4 37. Bxc5+ Kf7 38. Nd5 Ke6 39. Nc3 Rc4 40. Nxa4 Rxa4 41. Bf8 Kf7 42. Bc5 Ra2 43. Be3 Ke6 44. g4 Kd5 45. f5 Ke4 46. Bc5 Kf3 47. h3 Kg3 48. Bf8 Ra1# 0-1


[Site "https://www.chess.com"]

[Event "Titled Tuesday Blitz April 4 Early 2023"]
[White "Rios Escobar, Adan"]
[Black "Singgih, Diajeng Theresa"]
[WhiteFideId "3403645"]
[BlackFideId "7104391"]
[WhiteElo "2413"]
[BlackElo "1891"]
[Result "1-0"]
[Round "02"]
[TimeControl "180+2"]
[Date "2023.04.04"]
[WhiteClock "0:00:06"]
[BlackClock "0:00:01"]

1. d4 d5 2. g3 Nf6 3. Nf3 e6 4. Bg2 Be7 5. O-O O-O 6. c4 c5 7. cxd5 exd5 8. dxc5 Bxc5 9. a3 Nc6 10. b4 Bb6 11. Bb2 Be6 12. Nc3 Ne4 13. Rc1 Rc8 14. Na4 Bc7 15. e3 Qd7 16. Nc5 Nxc5 17. Rxc5 Bb6 18. Rc1 Rfd8 19. Qe2 d4 20. exd4 Nxd4 21. Nxd4 Bxd4 22. Rxc8 Qxc8 23. Rc1 Qd7 24. Bxd4 Qxd4 25. Bxb7 Bg4 26. Qe4 Qd2 27. Rc7 Be2 28. Qb1 g6 29. Rc1 Bg4 30. Bg2 Bf5 31. Qa1 Qe2 32. Re1 Qd3 33. h4 Bg4 34. Bf1 Qd5 35. Bg2 Qd6 36. Qb2 h5 37. Qe5 Qd7 38. Qf6 Qd2 39. Qe7 Rd7 40. Qe8+ Kg7 41. Qe5+ Kh7 42. Qe3 Qd6 43. Rc1 Qf6 44. Qc3 Qe6 45. Kh2 Re7 46. Qc5 Qe2 47. Kg1 Qe6 48. Rc3 Qe1+ 49. Kh2 Re6 50. Re3 Rxe3 51. Qxe3 Qa1 52. Bd5 Qf6 53. Bc4 Qd6 54. Bf1 Qc6 55. Bg2 Qd6 56. Qxa7 Be6 57. Qe3 Qd1 58. Qc5 Qg4 59. Qe3 Qf5 60. a4 Qg4 61. Qc5 Qd1 62. a5 Qb1 63. a6 1-0


[Site "https://www.chess.com"]

[Event "Titled Tuesday Blitz April 4 Early 2023"]
[White "Maluco_do_Natal_00"]
[Black "Gatterer, Florian"]
[BlackFideId "811688"]
[WhiteElo "2005"]
[BlackElo "2221"]
[Result "0-1"]
[Round "02"]
[TimeControl "180+2"]
[Date "2023.04.04"]
[WhiteClock "0:00:01"]
[BlackClock "0:00:21"]

1. e4 c5 2. Nf3 e6 3. d4 cxd4 4. Nxd4 Nf6 5. Nc3 Nc6 6. Be3 Bb4 7. Bd3 d5 8. Nxc6 bxc6 9. exd5 cxd5 10. O-O O-O 11. Bg5 Be7 12. Ne2 a5 13. c3 Ba6 14. Nd4 Bxd3 15. Nc6 Qd7 16. Nxe7+ Qxe7 17. Qxd3 h6 18. Bh4 Rab8 19. b3 a4 20. c4 dxc4 21. bxc4 Rfd8 22. Qf3 Rb2 23. Rfb1 a3 24. Bxf6 gxf6 25. Rc1 Rc8 26. g3 f5 27. Qe3 Qc5 28. Rc3 Qxe3 0-1


[Site "https://www.chess.com"]

[Event "Titled Tuesday Blitz April 4 Early 2023"]
[White "Wagner, Dennis"]
[Black "Naroditsky, Daniel"]
[WhiteFideId "24650684"]
[BlackFideId "2026961"]
[WhiteElo "2470"]
[BlackElo "2633"]
[Result "0-1"]
[Round "03"]
[TimeControl "180+2"]
[Date "2023.04.04"]
[WhiteClock "0:00:12"]
[BlackClock "0:00:29"]

1. d4 Nf6 2. Nf3 g6 3. c4 Bg7 4. Nc3 d6 5. e4 O-O 6. Be2 e5 7. O-O h6 8. d5 a5 9. h3 Nbd7 10. Be3 Ne8 11. g4 Nc5 12. Nd2 f5 13. gxf5 gxf5 14. exf5 Bxf5 15. Bg4 Bd3 16. Bxc5 Bxf1 17. Qxf1 dxc5 18. Nce4 b6 19. Kh1 Nd6 20. Qg2 Kh8 21. Rg1 Qe7 22. Be6 Rf4 23. Qg6 Raf8 24. Ng5 hxg5 25. Qh5+ Bh6 26. Qxh6+ Qh7 27. Qxh7+ Kxh7 28. f3 Kh6 29. b3 e4 30. Nxe4 Nxe4 31. fxe4 Rxe4 32. Rg2 Rf1+ 33. Kh2 Ref4 34. a4 R1f2 35. Bd7 R4f3 36. Rxf2 Rxf2+ 37. Kg3 Rb2 38. h4 Rxb3+ 39. Kg4 gxh4 40. Kxh4 Rb4 41. Bb5 Rxb5 42. cxb5 c4 43. Kg3 c3 44. d6 cxd6 0-1


[Site "https://www.chess.com"]

[Event "Titled Tuesday Blitz April 4 Early 2023"]
[White "Mamedov, Rauf"]
[Black "Flores, Diego"]
[WhiteFideId "13401653"]
[BlackFideId "108049"]
[WhiteElo "2635"]
[BlackElo "2613"]
[Result "1-0"]
[Round "03"]
[TimeControl "180+2"]
[Date "2023.04.04"]
[WhiteClock "0:00:31"]
[BlackClock "0:00:01"]

1. e4 c5 2. Nf3 e6 3. c3 d5 4. exd5 exd5 5. d4 Nc6 6. Bb5 Bd6 7. O-O Ne7 8. dxc5 Bxc5 9. Bd3 O-O 10. Re1 Bf5 11. Bxf5 Nxf5 12. Qd3 g6 13. Nbd2 Re8 14. Nb3 Rxe1+ 15. Nxe1 Bb6 16. Nf3 Qe7 17. Bg5 Qe4 18. Qd2 d4 19. Re1 dxc3 20. Qxc3 Qb4 21. Bf6 Qd6 22. h3 a5 23. a4 Qb4 24. g4 Qxc3 25. bxc3 Ng7 26. Nbd2 Ne6 27. Rb1 Bc5 28. Rxb7 Nf4 29. Ne4 Nxh3+ 30. Kh2 Nxf2 31. Nxf2 Bxf2 32. Rc7 Na7 33. Ng5 Bb6 34. Rb7 1-0


[Site "https://www.chess.com"]

[Event "Titled Tuesday Blitz April 4 Early 2023"]
[White "Weetik, Vjacheslav"]
[Black "Bortnyk, Olexandr"]
[WhiteFideId "4153472"]
[BlackFideId "14120828"]
[WhiteElo "2469"]
[BlackElo "2734"]
[Result "0-1"]
[Round "03"]
[TimeControl "180+2"]
[Date "2023.04.04"]
[WhiteClock "0:00:06"]
[BlackClock "0:00:04"]

1. d4 d6 2. e4 Nf6 3. Nc3 e5 4. Nf3 Nbd7 5. Bc4 Be7 6. O-O c6 7. a4 Qc7 8. Qe2 O-O 9. Rd1 a5 10. Ba2 exd4 11. Nxd4 Nc5 12. Bf4 Qb6 13. Rab1 Re8 14. Kh1 Qb4 15. f3 Nh5 16. Be3 Bf6 17. g4 Nf4 18. Bxf4 Bxd4 19. Bxd6 Bxc3 20. bxc3 Qxc3 21. Bxc5 Qxc5 22. Qc4 Qe7 23. Qd4 Qa3 24. Bb3 Be6 25. Rd3 Bxb3 26. Rdxb3 Qf8 27. Rxb7 Rad8 28. Qc4 Rd6 29. Re1 Rf6 30. Kg2 Qd6 31. Re2 Qf4 32. Rf2 h5 33. h3 hxg4 34. hxg4 Rh6 35. Kf1 Qc1+ 36. Ke2 Rf8 37. Rd7 Rh1 38. Rd2 Re1+ 39. Kd3 Rd8+ 40. Kc3 Re3+ 41. Rd3 Rexd3+ 42. Qxd3 Rxd3+ 43. Kxd3 Qa3+ 44. Kd2 Qxa4 45. Re2 Qb4+ 46. Kd3 Qb5+ 47. Ke3 a4 48. Rd2 Qc5+ 49. Ke2 a3 0-1


[Site "https://www.chess.com"]

[Event "Titled Tuesday Blitz April 4 Early 2023"]
[White "Horvath, Dominik"]
[Black "Andreikin, Dmitry"]
[WhiteFideId "1642561"]
[BlackFideId "4158814"]
[WhiteElo "2407"]
[BlackElo "2736"]
[Result "0-1"]
[Round "03"]
[TimeControl "180+2"]
[Date "2023.04.04"]
[WhiteClock "0:00:08"]
[BlackClock "0:01:07"]

1. e4 c5 2. Nf3 e6 3. d4 cxd4 4. Nxd4 Nc6 5. Nc3 a6 6. Nxc6 bxc6 7. Qf3 d5 8. Qg3 Nf6 9. Bd3 Bb7 10. O-O Nh5 11. Qg4 Nf6 12. Qg3 h5 13. Bg5 Be7 14. e5 Nd7 15. Bxe7 Qxe7 16. Qxg7 O-O-O 17. Qg3 Rdg8 18. Qh3 Nxe5 19. Rae1 Qc7 20. Na4 Rg4 21. Nc5 Rhg8 22. f3 Rxg2+ 23. Qxg2 Rxg2+ 24. Kxg2 Nd7 25. Nxb7 Kxb7 26. f4 Nf6 27. h3 c5 28. c4 Qa5 29. Re2 d4 30. f5 e5 31. Rff2 Qc7 32. Kh2 e4+ 0-1


[Site "https://www.chess.com"]